 Dungeon Crawl Stone Soup version 0.19.1 (webtiles) character file.

11976 nikopol the Cleaver (level 11, 0/145 HPs)
             Began as a Minotaur Berserker on Nov 27, 2016.
             Was a High Priest of Trog.
             Slain by a seven-headed hydra (1 damage)
             ... on level 1 of the Lair of Beasts.
             The game lasted 00:38:34 (10221 turns).

nikopol the Cleaver (Minotaur Berserker)           Turns: 10221, Time: 00:38:35

Health: 0/145      AC: 12    Str: 32    XL:     11   Next: 56%
Magic:  10/10      EV: 15    Int:  4    God:    Trog [*****.]
Gold:   826        SH:  0    Dex: 12    Spells: 0 memorised, 10 levels left

rFire  . . .     SeeInvis .     a - +0 war axe
rCold  . . .     Gourm    .     n - +0 scale mail
rNeg   . . .     Faith    .     (no shield)
rPois  +         Spirit   .     (helmet restricted)
rElec  .         Reflect  .     K - +0 cloak
rCorr  .         Harm     .     B - +0 pair of gloves
MR     .....                    q - +0 pair of boots
Stlth  ..........               l - amulet of regeneration
                                C - ring of poison resistance
                                S - +4 ring of strength

@: berserking, very quick
A: retaliatory headbutt, horns 2
a: Berserk, Trog's Hand, Brothers in Arms, Burn Spellbooks, Renounce Religion


You were on level 1 of the Lair of Beasts.
You worshipped Trog.
Trog was extremely pleased with you.
You were hungry.

You visited 2 branches of the dungeon, and saw 13 of its levels.
You also visited: Bailey.

You collected 826 gold pieces.

Inventory:

Hand Weapons
 a - a +0 war axe (weapon)
 t - a +0 trident
 z - a +0 shortbow
Missiles
 x - 67 arrows (quivered)
Armour
 d - a +2 plate armour of fire resistance
 n - a +0 scale mail (worn)
 q - a +0 pair of boots (worn)
 B - a +0 pair of gloves (worn)
 K - a +0 cloak (worn)
 V - a +0 pair of gloves
Jewellery
 l - an amulet of regeneration (around neck)
 o - a +3 ring of intelligence
 C - a ring of poison resistance (right hand)
 S - a +4 ring of strength (left hand)
 W - an uncursed ring of stealth {unknown}
Wands
 A - a wand of disintegration (21/24)
 I - a wand of confusion (20/48)
 N - a wand of lightning (4/15)
 T - a wand of random effects (17/48)
Scrolls
 f - 5 scrolls of magic mapping
 g - 5 scrolls of identify
 i - a scroll of teleportation {unknown}
 j - a scroll of immolation
 k - a scroll of enchant armour {unknown}
 y - a scroll of enchant weapon {unknown}
 D - 8 scrolls of remove curse
 E - a scroll of noise
 G - a scroll of amnesia {unknown}
 H - 2 scrolls of fog {unknown}
 J - a scroll of blinking {unknown}
 M - a scroll of silence {unknown}
 O - 3 scrolls of recharging
 P - a scroll of torment {unknown}
 R - a scroll of fear {unknown}
Potions
 b - 3 potions of agility
 e - 2 potions of invisibility {unknown}
 m - a potion of degeneration {unknown}
 r - 3 potions of resistance
 s - 3 potions of might
 u - 4 potions of curing
 v - 2 potions of magic {unknown}
 w - 2 potions of heal wounds {unknown}
 F - a potion of berserk rage {unknown}
 L - a potion of ambrosia {unknown}
 Q - a potion of flight {unknown}
Comestibles
 c - 7 bread rations
 h - 6 meat rations
 p - 7 fruits
 U - a beef jerky


   Skills:
 + Level 9.5 Fighting
 * Level 12.7 Axes
 * Level 9.4 Bows
 + Level 9.3 Armour
 + Level 8.2 Dodging


You had 10 spell levels left.
You didn't know any spells.

Dungeon Overview and Level Annotations

Branches:
Dungeon (12/15)            Temple (0/1) D:7            Lair (1/6) D:11
    Orc (0/2) D:11

Altars:
Elyvilon
Fedhas
Gozag
Hepliaklqana
Kikubaaqudgha
Nemelex Xobeh
Qazlal
Sif Muna
Trog
Vehumet
Beogh

Shops:
D:4 :   D:8 [


Innate Abilities, Weirdness & Mutations

You reflexively headbutt those who attack you in melee.
You have a pair of horns on your head.


Message History

The six-headed hydra bites you!
* * * LOW HITPOINT WARNING * * *
The six-headed hydra closely misses you.
The six-headed hydra completely misses you.
The six-headed hydra bites you but does no damage.
The six-headed hydra closely misses you.
The six-headed hydra barely misses you.
You lop one of the six-headed hydra's heads off!
The five-headed hydra grows two more!
You slash the seven-headed hydra!
Your headbutt misses the seven-headed hydra.
The seven-headed hydra is almost dead.
The seven-headed hydra bites you!
* * * LOW HITPOINT WARNING * * *
The seven-headed hydra barely misses you.
The seven-headed hydra bites you but does no damage.
The seven-headed hydra closely misses you.
The seven-headed hydra bites you.
* * * LOW HITPOINT WARNING * * *
The seven-headed hydra bites you.
You die...

#. ######.... ...
#......####.#.#....###.>
.(.#.....##.............
#(........#.............
..#(....................
#..(...................
.#...(.!................
#.....D......†..........
.......@................
................).......
...........#...........#
...............######.##
...............# ###
...............#
..............##
.............##
............##


You could see a seven-headed hydra.

Vanquished Creatures
  2 hill giants
  3 orc knights (Bailey)
  An ugly thing (D:11)
  Joseph (D:10)
  4 trolls
  2 two-headed ogres (D:10)
  7 yaks (D:11)
  2 hungry ghosts
  2 wargs (D:11)
  2 water moccasins
  Duvessa (D:7)
  3 ice beasts
  3 sky beasts
  An eye of draining (D:10)
  8 orc warriors
  3 black bears
  3 necrophages (D:8)
  2 phantoms
  4 ogres
  3 centaurs
  Blork the orc (D:6)
  A gnoll sergeant (D:7)
  6 bullfrogs
  4 scorpions
  Dowan (D:7)
  14 killer bees
  4 howler monkeys
  5 wights (D:8)
  2 crimson imps
  3 bullfrog zombies
  3 hounds
  7 orc priests
  2 jellies
  11 orc wizards
  A bullfrog skeleton (D:5)
  A gnoll shaman (D:6)
  3 iguanas
  6 worker ants
  2 hound zombies
  A hound skeleton (D:11)
  14 adders
  17 gnolls
  2 oozes
  An adder skeleton (D:5)
  3 worms
  7 dart slugs
  2 leopard geckos
  54 orcs
  A ball python (D:3)
  5 bats
  2 giant cockroaches (D:1)
  12 hobgoblins
  7 jackals
  11 kobolds
  A quokka (D:10)
  4 frilled lizards
  10 goblins
  A leopard gecko skeleton (D:6)
  A quokka zombie (D:8)
  8 rats
  4 bushes (D:8)
  4 plants (D:8)
306 creatures vanquished.

Vanquished Creatures (collateral kills)
  An orc knight (Bailey)
1 creature vanquished.

Vanquished Creatures (others)
  2 plants (D:8)
2 creatures vanquished.

Grand Total: 309 creatures vanquished

Notes
Turn   | Place    | Note
-------+----------+-------------------------------------------
     0 | D:1      | nikopol the Minotaur Berserker began the quest for the Orb.
     0 | D:1      | Reached XP level 1. HP: 19/19 MP: 0/0
   251 | D:1      | Reached XP level 2. HP: 27/27 MP: 1/1
   315 | D:1      | Reached skill level 4 in Axes
   393 | D:1      | Reached XP level 3. HP: 29/33 MP: 2/2
   750 | D:2      | Reached ** piety under Trog
  1183 | D:2      | Reached XP level 4. HP: 39/40 MP: 3/3
  1402 | D:2      | Reached skill level 5 in Axes
  1448 | D:3      | Reached XP level 5. HP: 29/47 MP: 4/4
  2232 | D:3      | Reached *** piety under Trog
  2423 | D:3      | Found a radiant altar of Vehumet.
  2473 | D:4      | Reached XP level 6. HP: 44/55 MP: 5/5
  2634 | D:4      | Reached skill level 5 in Fighting
  2712 | D:4      | Reached skill level 6 in Axes
  3148 | D:4      | Found Ebikaf's Book Emporium.
  3169 | D:4      | Reached XP level 7. HP: 54/61 MP: 6/6
  3320 | D:5      | Entered Level 5 of the Dungeon
  3419 | D:5      | Reached skill level 5 in Armour
  3567 | D:5      | Reached skill level 7 in Axes
  4035 | D:5      | Reached XP level 8. HP: 66/70 MP: 7/7
  4088 | D:6      | Found a white marble altar of Elyvilon.
  4200 | D:6      | Found a sparkling altar of Nemelex Xobeh.
  4201 | D:6      | Noticed Blork the orc
  4209 | D:6      | Killed Blork the orc
  4209 | D:6      | Reached skill level 8 in Axes
  4209 | D:6      | Reached skill level 1 in Bows
  4209 | D:6      | Reached skill level 5 in Dodging
  4298 | D:6      | Reached **** piety under Trog
  4580 | D:6      | Reached skill level 9 in Axes
  4764 | D:7      | Noticed Duvessa
  4764 | D:7      | Noticed Dowan
  4766 | D:7      | Killed Dowan
  4774 | D:7      | Killed Duvessa
  4835 | D:7      | Reached XP level 9. HP: 61/78 MP: 8/8
  4927 | D:7      | Found a staircase to the Ecumenical Temple.
  4946 | D:7      | Received a gift from Trog
  5194 | D:7      | Found an ancient bone altar of Kikubaaqudgha.
  5457 | D:8      | Found a flagged portal.
  5473 | Bailey   | Entered a bailey
  5648 | Bailey   | Noticed an orc knight
  5656 | Bailey   | Reached ***** piety under Trog
  5832 | Bailey   | Noticed an orc knight
  5832 | Bailey   | Noticed an orc knight
  5863 | Bailey   | Killed an orc knight
  5863 | Bailey   | Reached skill level 10 in Axes
  5863 | Bailey   | Reached skill level 5 in Bows
  6183 | Bailey   | HP: 5/118 [orc knight/enchanted glaive (26)]
  6322 | Bailey   | Killed an orc knight
  6403 | Bailey   | Killed an orc knight
  6403 | Bailey   | Reached XP level 10. HP: 51/88 MP: 9/9
  6422 | Bailey   | Noticed an orc knight
  6430 | Bailey   | Killed an orc knight
  6785 | D:8      | Found a hazy altar of Hepliaklqana.
  7063 | D:8      | Found Ugittemp's Antique Armour Shoppe.
  7240 | D:8      | Found a blossoming altar of Fedhas.
  7340 | D:8      | Reached skill level 11 in Axes
  7860 | D:9      | Found a deep blue altar of Sif Muna.
  7860 | D:9      | Found a stormy altar of Qazlal.
  8023 | D:9      | Found a bloodstained altar of Trog.
  8048 | D:10     | Entered Level 10 of the Dungeon
  8118 | D:10     | Noticed Joseph
  8134 | D:10     | Killed Joseph
  8307 | D:10     | Received a gift from Trog
  8508 | D:10     | Noticed a skeletal warrior
  8508 | D:10     | Noticed a skeletal warrior
  8508 | D:10     | Noticed a hill giant
  8513 | D:10     | Noticed a skeletal warrior
  8513 | D:10     | Noticed a skeletal warrior
  8515 | D:10     | Killed a hill giant
  8750 | D:10     | Reached XP level 11. HP: 95/95 MP: 10/10
  8890 | D:10     | Found an opulent altar of Gozag.
  8985 | D:10     | Reached skill level 12 in Axes
  9145 | D:11     | Found a staircase to the Orcish Mines.
  9514 | D:11     | Noticed a purple ugly thing
  9528 | D:11     | Killed a purple ugly thing
  9766 | D:11     | Found a staircase to the Lair.
  9782 | D:11     | Received a gift from Trog
  9942 | D:11     | Found a roughly hewn altar of Beogh.
  9944 | D:11     | Noticed a hill giant
  9952 | D:11     | Killed a hill giant
 10097 | Lair:1   | Entered Level 1 of the Lair of Beasts
 10203 | Lair:1   | Noticed a four-headed hydra
 10221 | Lair:1   | HP: 5/145 [seven-headed hydra (7)]
 10221 | Lair:1   | HP: 1/145 [seven-headed hydra (4)]
 10221 | Lair:1   | Slain by a seven-headed hydra

Skill      XL: |  1  2  3  4  5  6  7  8  9 10 11 |
---------------+----------------------------------+-----
Axes           | 4 5 6 7 9 10 11 12 | 12.7
Fighting       | 4 5 6 8 9 |  9.5
Armour         | 3 4 5 6 7 8 9 |  9.3
Dodging        | 3 4 5 6 7 8 |  8.2
Bows           | 4 6 8 9 |  9.4

Action                   |  1- 3 |  4- 6 |  7- 9 | 10-12 || total
-------------------------+-------+-------+-------+-------++-------
Melee: Hand axe          |    54 |       |       |       ||    54
       Headbutt          |    21 |    16 |    20 |    91 ||   148
       War axe           |    22 |   117 |   130 |   310 ||   579
       Trident           |       |       |    41 |       ||    41
 Fire: Shortbow          |       |       |   261 |   181 ||   442
Invok: Berserk           |       |     2 |     6 |     4 ||    12
       Burn Spellbooks   |       |       |     2 |     1 ||     3
       Brothers in Arms  |       |       |       |     2 ||     2
Evoke: Wand              |       |       |       |     1 ||     1
  Use: Scroll            |       |       |     4 |     6 ||    10
  Eat: Chunk             |     1 |     8 |    10 |    16 ||    35
       Beef jerky        |       |       |     2 |     2 ||     4
       Pizza             |       |       |     1 |       ||     1
Armor: Animal skin       |     4 |       |       |       ||     4
       Ring mail         |     3 |       |       |       ||     3
       Scale mail        |    22 |    38 |    70 |   101 ||   231
Dodge: Dodged            |    31 |    83 |   128 |   208 ||   450
